 Dungeon Sprint DCSS version 0.18.1-8-gdd0e5ea (webtiles) character file.

23 Loading the Shield-Bearer (level 3, -19/30 HPs)
             Began as a Formicid Fighter on May 28, 2016.
             Was an Initiate of Qazlal.
             Demolished by a hill giant
             ... wielding a +0 giant club
              (20 damage)
             ... in the Dungeon (Sprint IX: "|||||||||||||||||||||||||||||").
             The game lasted 00:01:33 (224 turns).

Loading the Shield-Bearer (Formicid Fighter)         Turns: 224, Time: 00:01:33

Health: -19/30     AC:  7    Str: 25    XL:     3   Next: 12%
Magic:  3/3        EV: 11    Int: 10    God:    Qazlal [......]
Gold:   0          SH: 10    Dex: 11    Spells: 0 memorised, 2 levels left

rFire  . . .     SeeInvis +     m - +2 flail (holy)
rCold  . . .     Gourm    .     b - +0 scale mail
rNeg   . . .     Faith    .     c - +0 shield
rPois  .         Spirit   .     (helmet unavailable)
rElec  .         Dismiss  .     (no cloak)
rCorr  .         Reflect  .     (no gloves)
SustAt .         Harm     .     (no boots)
MR     .....                    (no amulet)
Stlth  ..........               u - +2 ring of evasion
                                t - +3 ring of intelligence

@: mighty, not resistant to hostile enchantments, extremely unstealthy
A: permanent stasis, dig shafts and tunnels, four strong arms, antennae 3
a: Dig, Renounce Religion


You were in the Dungeon.
You worshipped Qazlal.
Qazlal was noncommittal.
You were not hungry.

You visited 1 branch

Inventory:

Hand Weapons
 a - a +0 flail
 m - a +2 flail of holy wrath (weapon)
 s - a +2 dire flail of protection
Armour
 b - a +0 scale mail (worn)
 c - a +0 shield (worn)
 v - a +2 ring mail
Magical Staves
 r - an uncursed staff of energy
Jewellery
 t - a +3 ring of intelligence (left hand)
 u - a +2 ring of evasion (right hand)
Wands
 q - a wand of iceblast (7/15)
Scrolls
 k - 2 scrolls of blinking
 o - 3 scrolls of remove curse
 p - 2 scrolls of amnesia
Potions
 e - 5 potions of curing
 g - 3 potions of heal wounds
 h - a potion of haste
 i - 4 potions of magic
 j - a potion of berserk rage
 n - a potion of invisibility
Comestibles
 f - a bread ration


   Skills:
 + Level 4.1 Fighting
 * Level 3.7 Maces & Flails
 + Level 4.0 Armour
 + Level 1.9 Dodging
 + Level 4.5 Shields


You had 2 spell levels left.
You didn't know any spells.

Dungeon Overview and Level Annotations

Branches:
Dungeon (1/1)

Altars:
Cheibriados
Dithmenos
Elyvilon
Fedhas
Gozag
Kikubaaqudgha
Makhleb
Nemelex Xobeh
Okawaru
Pakellas
Qazlal
Ru
Sif Muna
Trog
Vehumet
Xom
Yredelemnul
Zin
The Shining One
Beogh
Jiyva
Lugonu


Innate Abilities, Weirdness & Mutations

You are under a permanent stasis effect.
You can dig through walls and to a lower floor.
Your four strong arms can wield two-handed weapons with a shield.
You have a pair of large antennae on your head (SInv).


Message History

The centaur shouts!
The orc priest shouts!
The orc shouts!
Drink which item? (? for menu, Esc to quit)
Okay, then.
Drink which item? (? for menu, Esc to quit)
You feel very mighty all of a sudden. You block the quokka's attack.
The quokka bites you but does no damage.
You thump the quokka!
You kill the quokka!
Qazlal accepts your kill.
The hill giant hits you with a giant club!!
Ouch! That really hurt!
* * * LOW HITPOINT WARNING * * *
There is an open door to the Dungeon, spattered with blood here.
You see here a quokka corpse.
You sock the hill giant!
The hill giant is moderately wounded.
The hill giant hits you with a giant club!!
Ouch! That really hurt!
You die...

▓+▓
▓.▓
▓c▓
▓o▓
▓Z▓
▓o▓
▓C▓
{
▓@▓
{
▓.▓
{
▓.▓
{
▓.▓
{ {
▓[▓
{
▓[▓
{
▓)▓
{
▓.▓
▓.▓


You could see a hill giant, a centaur, an orc priest, an orc and a giant gecko
zombie.

Vanquished Creatures
  A shadow imp (D)
  An adder zombie (D)
  A giant gecko (D)
  An orc (D)
  A bat zombie (D)
  2 kobolds (D)
  A quokka (D)
  A bat (D)
  A giant newt (D)
  A rat (D)
11 creatures vanquished.

Notes
Turn   | Place    | Note
--------------------------------------------------------------
     0 | D        | Loading the Formicid Fighter began the quest for the Orb.
     0 | D        | Reached XP level 1. HP: 18/18 MP: 1/1
    15 | D        | Reached skill level 1 in Dodging
    55 | D        | Reached XP level 2. HP: 23/25 MP: 2/2
    70 | D        | Reached XP level 3. HP: 21/30 MP: 3/3
   166 | D        | Found a glowing silver altar of Zin.
   166 | D        | Found a glowing golden altar of the Shining One.
   166 | D        | Found an ancient bone altar of Kikubaaqudgha.
   166 | D        | Found a basalt altar of Yredelemnul.
   166 | D        | Found a shimmering altar of Xom.
   166 | D        | Found a radiant altar of Vehumet.
   167 | D        | Found an iron altar of Okawaru.
   168 | D        | Found a burning altar of Makhleb.
   169 | D        | Found a deep blue altar of Sif Muna.
   170 | D        | Found a bloodstained altar of Trog.
   171 | D        | Found a sparkling altar of Nemelex Xobeh.
   172 | D        | Found a white marble altar of Elyvilon.
   173 | D        | Found a roughly hewn altar of Beogh.
   174 | D        | Found a viscous altar of Jiyva.
   175 | D        | Found a corrupted altar of Lugonu.
   176 | D        | Found a blossoming altar of Fedhas.
   177 | D        | Found a snail-covered altar of Cheibriados.
   178 | D        | Found a shadowy altar of Dithmenos.
   179 | D        | Found a stormy altar of Qazlal.
   180 | D        | Found an opulent altar of Gozag.
   181 | D        | Found a sacrificial altar of Ru.
   182 | D        | Found an oddly glowing altar of Pakellas.
   187 | D        | Became a worshipper of Qazlal Stormbringer
   220 | D        | Noticed a centaur
   220 | D        | Noticed a hill giant
   223 | D        | HP: 1/30 [hill giant/giant club (29)]
   224 | D        | Demolished by a hill giant

Skill      XL: |  1  2  3 |
---------------+----------+-----
Dodging        | 1 |  1.9
Shields        | 4 |  4.5
Maces & Flails | 3 |  3.7
Fighting       | 4 |  4.1
Armour         | 4 |  4.0

Action                   || total
-------------------------++-------
Melee: Flail             ||    34
  Use: Potion            ||     1
Armor: Scale mail        ||    16
Dodge: Dodged            ||    11
Block: Shield            ||    12
